 Dungeon Crawl Stone Soup version 0.29.0-15-g675c0067aa (webtiles) character file.

Game seed: 16327058550982002769

1 qw the Sneak (level 1, -4/14 HPs)
             Began as a Gargoyle Delver on Sept 11, 2022.
             Slain by Sigmund
             ... wielding a +0 scythe
              (10 damage)
             ... on level 4 of the Dungeon.
             The game lasted 00:00:02 (269 turns).

qw the Sneak (Gargoyle Delver)                       Turns: 269, Time: 00:00:03

Health: -4/14      AC:  5    Str: 15    XL:     1   Next: 20%
Magic:  1/1        EV:  8    Int: 10    God:
Gold:   0          SH:  0    Dex: 11    Spells: 0/0 levels left

rFire   . . .      SeeInvis .   a - +0 hand axe
rCold   . . .      Faith    .   (no shield)
rNeg    + . .      Spirit   .   b - +0 leather armour
rPois   inf        Reflect  .   (no helmet)
rElec   +          Harm     .   (no cloak)
rCorr   .          Rampage  .   (no gloves)
Will    .....                   (no boots)
Stlth   +++.......              (no amulet)
HPRegen 0.04/turn               (no ring)
MPRegen 0.07/turn               (no ring)

@: constricted
A: sickness immunity, AC +2, negative energy resistance 1, electricity
resistance, torment resistance 1, petrification resistance
a: no special abilities


You were on level 4 of the Dungeon.
You visited 1 branch of the dungeon, and saw 2 of its levels.


Innate Abilities, Weirdness & Mutations

You are immune to sickness and miasma.
Your stone body is resilient. (AC +2)
You are immune to poison.
You resist negative energy. (rN+)
You are resistant to electric shocks. (rElec)
You are resistant to unholy torment.
You are immune to petrification.


   Skills:
 - Level 3.2 Fighting
 + Level 1.9 Axes
 - Level 1.5 Dodging
 - Level 5.4 Stealth


You couldn't memorise any spells.
You didn't know any spells.
Your spell library was empty.

Inventory:

Hand Weapons
 a - a +0 hand axe (weapon)
Armour
 b - a +0 leather armour (worn)
Wands
 g - a wand of digging (3)
Potions
 f - a potion of haste

Dungeon Overview and Level Annotations

Branches:
Dungeon (5/15)
 Temple: D:4-7

Altars:

Annotations:
D:4 Sigmund


Message History

The hobgoblin hits you but does no damage.
Sigmund barely misses you.
You closely miss the hobgoblin.
The hobgoblin is moderately wounded.
The gnoll throws a throwing net.
The throwing net barely misses you.
The hobgoblin hits you but does no damage.
Sigmund points at you and mumbles some strange words.
You are confused.
A ball python comes into view.
The hobgoblin barely misses you. Sigmund barely misses you.
You closely miss the hobgoblin.
The hobgoblin is moderately wounded.
You miss Sigmund.
The ball python hisses angrily.
The hobgoblin closely misses you. x2; Sigmund hits you with a +0 scythe.
You barely miss the hobgoblin.
The hobgoblin is moderately wounded.
You hit Sigmund. The hobgoblin barely misses you.
Sigmund attacks as you move away! Sigmund barely misses you.
The hobgoblin barely misses you. Sigmund hits you but does no damage.
You closely miss the hobgoblin. You hit the gnoll but do no damage.
The hobgoblin hits you but does no damage.
The gnoll hits you with a +0 whip.
You closely miss the hobgoblin. You closely miss the gnoll.
You hit the ball python but do no damage.
The ball python closely misses you. The ball python grabs you.
The ball python constricts you. Sigmund barely misses you.
The gnoll barely misses you. The hobgoblin hits you.
The gnoll hits you with a +0 whip.
The ball python bites you but does no damage.
The ball python constricts you.
You barely miss the hobgoblin. You hit the gnoll.
You hit the ball python but do no damage.
You feel less confused. The gnoll closely misses you.
The gnoll hits you but does no damage. The hobgoblin closely misses you.
Sigmund hits you from afar with a +0 scythe!
Ouch! That really hurt!
You die...

.##.#.... ........
.. ....... . ...
....# .. ....###
....##..#
#......###.......#
.#....>#.......).
.........(@.......
.........Sgg..#...
.........@gg..#
#.............>..
.#..........#.###
...?....##......
........###......
....... ......
...... .....


You could see Sigmund, 3 gnolls, a hobgoblin and a ball python.

Vanquished Creatures
  A quokka (D:5)
1 creature vanquished.

Notes
Turn   | Place    | Note
-------+----------+-------------------------------------------
     0 | D:5      | qw the Gargoyle Delver began the quest for the Orb.
     0 | D:5      | Reached XP level 1. HP: 14/14 MP: 1/1
     0 | D:5      | 0 ||| qw: Version: 0.1-a-117-gfe26ee0
     0 | D:5      | 0 ||| qw: Game counter: 10012
     0 | D:5      | 0 ||| qw: Always use a shield: true
     0 | D:5      | 0 ||| qw: God list: Okawaru
     0 | D:5      | 0 ||| qw: Allow faded altars: false
     0 | D:5      | 0 ||| qw: Do Orc after D:15 true
     0 | D:5      | 0 ||| qw: Do second Lair branch before Depths: true
     0 | D:5      | 0 ||| qw: Lair rune preference: random
     0 | D:5      | 0 ||| qw: Plans: Normal
     0 | D:5      | 0 ||| PLANNING D:1-11
    14 | D:5      | 14 ||| Stepping ~*~*~tactically~*~*~ (stealth).
   245 | D:5      | 245 ||| DROPPING scroll of fog.
   246 | D:5      | 246 ||| DROPPING scroll of magic mapping.
   247 | D:5      | 247 ||| DROPPING scroll of fear.
   256 | D:4      | Noticed Sigmund
   269 | D:4      | Slain by Sigmund

Levels and vault maps discovered:
D:4:      layout_cave_pools, serial_shops, nicolae_shop_stone, uniq_sigmund
D:5:      layout_cave_pools, mainiacjoe_overflow_brackets, gup_sewer_entry_pipe,
          serial_shops, nicolae_shop_trees

Action                   || total
-------------------------++-------
Melee: Hand axe          ||    14
Armor: Leather armour    ||    10
Dodge: Dodged            ||    16

Table legend:
 A = Non-vault XP
 B = Vault XP
 C = Vault XP percentage of total XP
 D = Non-vault monster count
 E = Vault monster count
 F = Vault count percentage of total count
                 A         B        C        D         E       F
            +---------+---------+-------+---------+---------+-------
      Total |       2 |       0 |   0.0 |       1 |       0 |   0.0
            +---------+---------+-------+---------+---------+-------
        D:5 |       2 |       0 |   0.0 |       1 |       0 |   0.0
            +---------+---------+-------+---------+---------+-------
